 Dungeon Crawl Stone Soup version 0.30-a0-782-ge64f9170bb (webtiles) character file.

Game seed: 8439934968827639318

233 gruber the Poker (level 5, 0/45 HPs)
             Began as a Minotaur Fighter on Feb 28, 2023.
             Slain by Ijyb
             ... wielding a +0 dagger
              (3 damage)
             ... on level 4 of the Dungeon.
             The game lasted 00:01:17 (1951 turns).

gruber the Poker (Minotaur Fighter)                 Turns: 1951, Time: 00:01:18

Health: 0/45       AC:  0    Str: 22    XL:     5   Next: 75%
Magic:  4/4        EV: 13    Int:  5    God:
Gold:   182        SH:  0    Dex: 10    Spells: 4/4 levels left

rFire   . . .      SeeInvis .    (weapon currently unavailable)
rCold   . . .      Faith    .    (shield currently unavailable)
rNeg    . . .      Spirit   .    (body armour currently unavailable)
rPois   .          Reflect  .    (helmet currently unavailable)
rElec   .          Harm     .    (cloak currently unavailable)
rCorr   .          Rampage  .    (gloves currently unavailable)
Will    .....                    (boots currently unavailable)
Stlth   +                        (no amulet)
HPRegen 0.27/turn                (ring currently unavailable)
MPRegen 0.09/turn                (ring currently unavailable)

@: pig-form (expiring), very quick
A: fast, no casting, small, (horns 2), (retaliatory headbutt)
a: no special abilities


You were on level 4 of the Dungeon.
You were a filthy swine.
You visited 1 branch of the dungeon, and saw 5 of its levels.

You collected 182 gold pieces.

Inventory:

Hand Weapons
 a - a +0 trident
 m - a +3 spear (melded)
Armour
 b - a +0 scale mail (melded)
 c - a +0 buckler (melded)
 e - a +0 cloak (melded)
Scrolls
 g - 3 scrolls of vulnerability {unknown}
 h - 5 scrolls of identify {unknown}
 k - a scroll of amnesia {unknown}
 n - 3 scrolls of teleportation {unknown}
 p - a scroll of noise {unknown}
 q - a scroll of enchant weapon {unknown}
Potions
 d - a potion of might
 f - a potion of magic {unknown}
 i - 2 potions of heal wounds {unknown}
 j - 3 potions of curing {unknown}
 l - a potion of mutation {unknown}
 o - a potion of invisibility {unknown}


   Skills:
 - Level 3.6 Fighting
 + Level 7.4 Polearms
 - Level 3.6 Armour
 - Level 3.6 Shields


You had 4 spell levels left.
You didn't know any spells.
Your spell library contained the following spells:

 Spells                   Type           Power      Damage    Failure   Level
 Call Canine Familiar     Summ           0%         N/A       85%         3
 Dazzling Flash           Conj/Hex       0%         N/A       85%         3
 Portal Projectile        Hex/Tloc       0%         N/A       85%         3
 Leda's Liquefaction      Hex/Erth       0%         N/A       99%         4
 Agony                    Necr           0%         N/A       100%        5
 Silence                  Hex/Air        0%         N/A       100%        5


Dungeon Overview and Level Annotations

Branches:
Dungeon (5/15)
 Temple: D:4-7

Altars:

Annotations:
D:4 Ijyb


Innate Abilities, Weirdness & Mutations

You are a filthy swine.
You move quickly.
Your equipment is almost entirely melded.
You are incapable of wielding weapons or throwing items.
You cannot cast spells.
((You have a pair of horns on your head.))
((You reflexively headbutt those who attack you in melee.))


Message History

Ijyb is heavily wounded.
Ijyb hits you with a +0 dagger.
You barely miss Ijyb.
Ijyb is heavily wounded.
Ijyb hits you with a +0 dagger.
You hit Ijyb but do no damage.
Ijyb is heavily wounded.
Ijyb hits you with a +0 dagger.
You barely miss Ijyb.
Ijyb is heavily wounded.
Ijyb hits you with a +0 dagger.
* * * LOW HITPOINT WARNING * * *
You hit Ijyb but do no damage.
Ijyb is heavily wounded.
Ijyb hits you with a +0 dagger.
* * * LOW HITPOINT WARNING * * *
You hit Ijyb but do no damage.
Ijyb is heavily wounded.
Ijyb hits you with a +0 dagger.
* * * LOW HITPOINT WARNING * * *
You hit Ijyb.
Ijyb is heavily wounded.
Your transformation is almost over.
You hit Ijyb but do no damage.
Ijyb is heavily wounded.
Ijyb completely misses you.
You barely miss Ijyb.
Ijyb is heavily wounded.
Ijyb hits you with a +0 dagger.
* * * LOW HITPOINT WARNING * * *
You closely miss Ijyb.
Ijyb is heavily wounded.
Ijyb barely misses you.
You hit Ijyb.
Ijyb is heavily wounded.
Ijyb closely misses you.
You hit Ijyb but do no damage.
Ijyb is heavily wounded.
Ijyb hits you with a +0 dagger.
You die...

##
#...#####
......gh#
#.#####†#
#.# #.#
#.# ..#
....
#....
#.....


You could see Ijyb.

Vanquished Creatures
  A scorpion (D:5)
  Jessica (D:2)
  Natasha (D:4)
  4 adders
  5 worms
  A dart slug (D:2)
  5 orcs (D:3)
  6 endoplasms
  4 goblins
  6 hobgoblins
  7 jackals
  5 quokkas
  4 ball pythons
  7 bats
  2 frilled lizards
  2 kobolds
  8 rats
69 creatures vanquished.

Notes
Turn   | Place    | Note
-------+----------+-------------------------------------------
     0 | D:1      | gruber the Minotaur Fighter began the quest for the Orb.
     0 | D:1      | Reached XP level 1. HP: 19/19 MP: 0/0
   128 | D:1      | Reached skill level 3 in Polearms
   133 | D:1      | Reached XP level 2. HP: 26/26 MP: 1/1
   416 | D:1      | Found a faded altar of an unknown god.
   478 | D:1      | Reached skill level 4 in Polearms
   791 | D:2      | Reached XP level 3. HP: 31/31 MP: 2/2
   955 | D:2      | Reached skill level 5 in Polearms
  1013 | D:2      | Noticed Jessica
  1018 | D:2      | Killed Jessica
  1019 | D:2      | Reached XP level 4. HP: 30/39 MP: 3/3
  1243 | D:2      | Reached skill level 6 in Polearms
  1607 | D:3      | Reached XP level 5. HP: 45/45 MP: 4/4
  1648 | D:3      | You fall into a shaft and drop 2 floors!
  1648 | D:5      | Entered Level 5 of the Dungeon
  1712 | D:5      | Reached skill level 7 in Polearms
  1876 | D:4      | Noticed Natasha
  1877 | D:4      | Noticed Ijyb
  1927 | D:4      | Killed Natasha
  1951 | D:4      | Slain by Ijyb

Illustrated notes

Levels and vault maps discovered:
D:1:      grunt_arrival_lava_bath, layout_basic, ebering_ecumenical_altar_box
D:2:      layout_loops_ring, uniq_jessica
D:3:      layout_rooms
D:4:      layout_basic, kennysheep_vampire_church,
          minmay_temple_entry_mini_moons, uniq_natasha, uniq_grinder, uniq_ijyb
D:5:      layout_basic, nicolae_shop_firing_range

Skill      XL: |  1  2  3  4  5 |
---------------+----------------+-----
Polearms       | 3 4 5 6 7 |  7.4
Fighting       | |  3.6
Armour         | |  3.6
Shields        | |  3.6

Action                     |  1- 3 |  4- 6 || total
---------------------------+-------+-------++-------
  Melee: Trident           |    75 |    21 ||    96
         Headbutt          |     6 |    13 ||    19
         Spear             |       |    99 ||    99
         Unarmed           |       |    25 ||    25
 Armour: Scale mail        |    16 |    34 ||    50
  Dodge: Dodged            |    22 |    34 ||    56
  Block: Buckler           |    13 |    14 ||    27

Table legend: (Time is in decaauts)
 A = Elapsed time spent in this place.
 B = Non-inter-level travel time spent in this place.
 C = Inter-level travel time spent in this place.
 D = Time resting spent in this place.
 E = Time spent auto-exploring this place.
 F = Levels seen in this place.
 G = Mean time per level.
                   A        B        C        D        E       F      G
               +--------+--------+--------+--------+--------+-----+--------+
         Total |   1947 |   1874 |     73 |     30 |   1465 |   5 |  389.4 |
       Dungeon |   1947 |   1874 |     73 |     30 |   1465 |   5 |  389.4 |
               +--------+--------+--------+--------+--------+-----+--------+

Top non-repeatable levels by time:
     D:1: 756 daAuts
     D:2: 677 daAuts
     D:5: 257 daAuts
     D:3: 212 daAuts
     D:4: 43 daAuts
